 Dungeon Crawl Stone Soup version 0.31.0-9-g3a7656b989 (webtiles) character file.

Game seed: 8140608592544817003

119 qw the Skirmisher (level 4, -3/25 HPs)
             Began as a Deep Elf Hunter on Feb 3, 2024.
             Was an Initiate of Okawaru.
             Slain by an orc priest
             ... wielding a +0 hand axe
              (5 damage)
             ... on level 3 of the Dungeon.
             The game lasted 00:00:08 (2205 turns).

qw the Skirmisher (Deep Elf Hunter)                 Turns: 2205, Time: 00:00:09

Health: -3/25      AC:  7    Str: 10    XL:     4   Next: 73%
Magic:  6/6        EV: 11    Int: 14    God:    Okawaru [......]
Gold:   160        SH:  0    Dex: 18    Spells: 3/3 levels left

rFire   + . .        c - +0 orcbow
rCold   + . .        (shield currently unavailable)
rNeg    . . .        h - +0 ring mail
rPois   .            g - +1 helmet
rElec   .            i - scarf {rC+ rF+}
rCorr   .            (no gloves)
SInv    .            (no boots)
Will    .....        (no amulet)
Stlth   +            (no ring)
HPRegen 0.24/turn    (no ring)
MPRegen 0.10/turn

%: no passive effects
@: no status effects
A: no striking features
a: Renounce Religion


You were on level 3 of the Dungeon.
You worshipped Okawaru.
Okawaru was noncommittal.
You visited 1 branch of the dungeon, and saw 3 of its levels.

You collected 160 gold pieces.


   Skills:
 - Level 1.5 Fighting
 + Level 8.1 Ranged Weapons
 - Level 2.4 Dodging
 - Level 1.2 Stealth


You had 3 spell levels left.
You didn't know any spells.
Your spell library was empty.

Inventory:

Hand Weapons
 c - a +0 orcbow (weapon)
Armour
 g - a +1 helmet (worn)
 h - a +0 ring mail (worn)
 i - a scarf of resistance (worn)
Potions
 a - a potion of cancellation {unknown}
 f - a potion of curing

Dungeon Overview and Level Annotations

Branches:
Dungeon (3/15)

Altars:
Okawaru


Message History

You shoot an arrow. The arrow hits the orc.
The orc is lightly wounded.
The orc hits you but does no damage.
You shoot an arrow.
The arrow hits the orc but does no damage.
The orc is lightly wounded.
The orc hits you but does no damage.
You shoot an arrow. The arrow hits the orc.
The orc is heavily wounded.
The orc hits you with a +0 club.
You shoot an arrow. The arrow closely misses the orc.
The orc wizard mumbles some strange words.
The orc wizard flickers and vanishes!
Deactivating autopickup; reactivate with Ctrl-A.
The orc hits you but does no damage.
You shoot an arrow. The arrow closely misses the orc.
Something completely misses you. The orc hits you but does no damage.
Something hits you.
You shoot an arrow. The arrow hits the orc!
You kill the orc!
Okawaru accepts your kill.
You shoot an arrow. The arrow hits the orc!
You kill the orc!
Okawaru accepts your kill. Something hits you but does no damage.
You shoot an arrow.
You hear some strange, mumbled words.
A puff of flame appears from out of thin air!
The puff of flame hits you. You resist.
You shoot an arrow.
The arrow closely misses the orc priest.
The orc priest closely misses you. Something hits you.
You shoot an arrow. The arrow hits the orc priest.
The orc priest is almost dead.
You hear a shout!
You hear some strange, mumbled words.
A magic dart appears from out of thin air!
The magic dart hits you.
The orc priest hits you but does no damage.
The orc priest hits you with a +0 hand axe.
You die...

#.# #.# ##+## #.
#.###.###.# #.# #.
#.........# #.# ##
#####.##### ##.##
#.#######...##
##............########
#...o.#.....#.........
##..##o###.#.##.#.####
##.##@{.###.}.##..#
##.####.#.###.####.##
#..#.#.#.#.###.#.#..#
#.#.}.###.}.###.}.#.#
#..#.#.#.#.#.###.#..#
##.####.#.###.####.##
#..##.8.###.}.##..#
#...##.###.#.##...#
#.##..#.....#..#.##


You could see an orc priest.

Vanquished Creatures
  Terence (D:3)
  2 adders (D:2)
  3 dart slugs
  6 orcs
  4 endoplasms
  2 giant cockroaches (D:1)
  10 goblins
  10 hobgoblins
  6 kobolds
  A quokka (D:1)
  4 ball pythons
  2 bats (D:1)
  3 frilled lizards (D:1)
  2 rats (D:3)
56 creatures vanquished.

Notes
Turn   | Place    | Note
-------+----------+-------------------------------------------
     0 | D:1      | qw the Deep Elf Hunter began the quest for the Orb.
     0 | D:1      | Reached XP level 1. HP: 12/12 MP: 3/3
     0 | D:1      | 0 ||| qw: Version: 0.3-a-155-g5e7d8dd
     0 | D:1      | 0 ||| qw: Game counter: 2901
     0 | D:1      | 0 ||| qw: Melee chars always use a shield: true
     0 | D:1      | 0 ||| qw: God list: Okawaru
     0 | D:1      | 0 ||| qw: Allow faded altars: false
     0 | D:1      | 0 ||| qw: Do Orc after clearing Dungeon:15 true
     0 | D:1      | 0 ||| qw: Do second Lair branch before Depths: true
     0 | D:1      | 0 ||| qw: Lair rune preference: random
     0 | D:1      | 0 ||| qw: Goals: Normal
     0 | D:1      | 0 ||| PLANNING D:1-11
   138 | D:1      | Reached skill level 6 in Ranged Weapons
   138 | D:1      | Reached XP level 2. HP: 16/16 MP: 4/4
   409 | D:1      | Reached XP level 3. HP: 20/20 MP: 5/5
   713 | D:1      | 713 ||| UPGRADING to +0 scale mail.
   723 | D:1      | 723 ||| DROPPING +0 leather armour.
   724 | D:1      | 724 ||| UPGRADING to +0 helmet.
   729 | D:1      | 729 ||| UPGRADING to +0 ring mail.
   739 | D:1      | 739 ||| DROPPING +0 scale mail.
   740 | D:1      | 740 ||| READING scroll labelled WOIN VYUBUL.
   743 | D:1      | 743 ||| DROPPING scroll of butterflies.
   970 | D:2      | Reached skill level 7 in Ranged Weapons
  1345 | D:2      | Reached XP level 4. HP: 25/25 MP: 6/6
  1484 | D:2      | 1484 ||| READING scroll labelled CECLACOOPH.
  1585 | D:2      | 1585 ||| READING scroll labelled MURHOX YNOCSAU.
  1585 | D:2      | 1585 ||| ENCHANTING +0 helmet.
  1586 | D:2      | 1586 ||| READING scroll labelled VYAPHU DOESIR.
  1587 | D:2      | 1587 ||| DRINKING 3 glowing blue potions.
  1589 | D:2      | 1589 ||| Stepping ~*~*~tactically~*~*~ (cloud).
  1590 | D:2      | 1590 ||| DRINKING 2 potions of curing.
  1590 | D:2      | 1590 ||| (to cure poison)
  1739 | D:3      | 1739 ||| SWAPPING to +0 orcbow.
  1741 | D:3      | 1741 ||| DROPPING +0 shortbow.
  1962 | D:3      | Found an iron altar of Okawaru.
  1963 | D:3      | 1963 ||| PLANNING OKAWARU WORSHIP
  1964 | D:3      | 1964 ||| UPGRADING to scarf of resistance.
  1969 | D:3      | 1969 ||| READING scroll labelled VASONU EPNAIST.
  1969 | D:3      | 1969 ||| IDENTIFYING pink potion
  1970 | D:3      | 1970 ||| READING 2 scrolls labelled GEIPERGHIRAM.
  1971 | D:3      | 1971 ||| READING scroll labelled TENIOT RAOGI.
  1972 | D:3      | 1972 ||| DROPPING scroll of amnesia.
  1980 | D:3      | Became a worshipper of Warmaster Okawaru
  1981 | D:3      | 1981 ||| PLANNING D:1-11
  2000 | D:3      | 2000 ||| READING scroll of teleportation.
  2003 | D:3      | 2003 ||| FLEEEEING.
  2004 | D:3      | 2004 ||| FLEEEEING.
  2005 | D:3      | 2005 ||| FLEEEEING.
  2006 | D:3      | 2006 ||| FLEEEEING.
  2007 | D:3      | 2007 ||| FLEEEEING.
  2008 | D:3      | 2008 ||| FLEEEEING.
  2009 | D:3      | 2009 ||| FLEEEEING.
  2010 | D:3      | 2010 ||| FLEEEEING.
  2011 | D:3      | 2011 ||| FLEEEEING.
  2012 | D:3      | 2012 ||| FLEEEEING.
  2013 | D:3      | 2013 ||| FLEEEEING.
  2014 | D:3      | 2014 ||| FLEEEEING.
  2015 | D:3      | 2015 ||| FLEEEEING.
  2082 | D:3      | Noticed Terence
  2092 | D:3      | HP: 2/25 [Terence/+6 falchion of flaming (8)]
  2093 | D:3      | 2093 ||| DRINKING potion of heal wounds.
  2097 | D:3      | Killed Terence
  2098 | D:3      | Reached skill level 8 in Ranged Weapons
  2180 | D:3      | 2180 ||| FLEEEEING.
  2181 | D:3      | 2181 ||| FLEEEEING.
  2182 | D:3      | 2182 ||| FLEEEEING.
  2183 | D:3      | 2183 ||| FLEEEEING.
  2184 | D:3      | 2184 ||| FLEEEEING.
  2185 | D:3      | 2185 ||| FLEEEEING.
  2186 | D:3      | 2186 ||| FLEEEEING.
  2187 | D:3      | 2187 ||| FLEEEEING.
  2188 | D:3      | 2188 ||| FLEEEEING.
  2189 | D:3      | 2189 ||| FLEEEEING.
  2190 | D:3      | 2190 ||| FLEEEEING.
  2192 | D:3      | 2192 ||| FLEEEEING.
  2193 | D:3      | 2193 ||| FLEEEEING.
  2194 | D:3      | 2194 ||| FLEEEEING.
  2205 | D:3      | HP: 2/25 [something/magic dart (5)]
  2205 | D:3      | Slain by an orc priest

Levels and vault maps discovered:
D:1:      lightli_arrival_quake, layout_loops_ring
D:2:      layout_loops_ring, kennysheep_minor_cross, guppyfry_early_orc_mine
D:3:      layout_loops_corners, kennysheep_okawaru_gauntlet,
          minmay_strange_pillars, grunt_decor_mini_mirrors, uniq_terence

Skill      XL: |  1  2  3  4 |
---------------+-------------+-----
Ranged Weapons | 6 7 8 |  8.1
Fighting       | |  1.5
Dodging        | |  2.4
Stealth        | |  1.2

Action                     |  1- 3 |  4- 6 || total
---------------------------+-------+-------++-------
   Fire: Shortbow          |   108 |     8 ||   116
         Orcbow            |       |    49 ||    49
    Use: Scroll            |     1 |     7 ||     8
         Potion            |       |     3 ||     3
 Armour: Leather armour    |     3 |       ||     3
         Ring mail         |    15 |    23 ||    38
  Dodge: Dodged            |    16 |    12 ||    28

Table legend:
 A = Non-vault XP
 B = Vault XP
 C = Vault XP percentage of total XP
 D = Non-vault monster count
 E = Vault monster count
 F = Vault count percentage of total count
                 A         B        C        D         E       F
            +---------+---------+-------+---------+---------+-------
      Total |     111 |      59 |  34.7 |      46 |      10 |  17.9
            +---------+---------+-------+---------+---------+-------
        D:1 |      48 |       0 |   0.0 |      26 |       0 |   0.0
        D:2 |      44 |      17 |  27.9 |      10 |       7 |  41.2
        D:3 |      19 |      42 |  68.9 |      10 |       3 |  23.1
            +---------+---------+-------+---------+---------+-------
